 Dungeon Crawl Stone Soup version 0.30-a0-169-g06f667207d (webtiles) character file.

Game seed: 8429873576544419774

101980 qw the Severer (level 16, -6/101 HPs)
             Began as a Gargoyle Fighter on Sept 29, 2022.
             Was a High Priest of Okawaru.
             Killed by divine providence
             ... invoked by an orc priest
              (11 damage)
             ... on level 2 of the Orcish Mines.
             The game lasted 00:09:20 (23782 turns).

qw the Severer (Gargoyle Fighter)                  Turns: 23782, Time: 00:09:21

Health: -6/101     AC: 41    Str: 41      XL:     16   Next: 32%
Magic:  23/23      EV: 15    Int:  9 (11) God:    Okawaru [*****.]
Gold:   504        SH: 21    Dex: 12      Spells: 15/15 levels left

rFire   . . .      SeeInvis +    e - +9 war axe "Rutz" {spect, *Slow Will- rCorr Str+9}
rCold   . . .      Faith    .    G - +0 tower shield
rNeg    + . .      Spirit   .    f - +0 plate armour
rPois   inf        Reflect  .    z - +2 helmet {SInv}
rElec   +          Harm     .    v - +2 cloak
rCorr   +          Rampage  .    D - +1 pair of gloves {Dex+3}
Will    .....                    m - +0 pair of boots
Stlth   ..........               s - amulet of the acrobat
HPRegen 0.26/turn                I - +4 ring of evasion
MPRegen 0.18/turn                i - +6 ring of strength

@: about to teleport, heroic, flying, slowed, very slow
A: sickness immunity, AC +12, big wings, negative energy resistance 1,
electricity resistance, torment resistance 1, petrification resistance
a: Renounce Religion, Heroism, Finesse, Duel


You were on level 2 of the Orcish Mines.
You worshipped Okawaru.
Okawaru was extremely pleased with you.
You visited 4 branches of the dungeon, and saw 23 of its levels.
You visited the Abyss 1 time.
You visited 1 bazaar.

You collected 4042 gold pieces.
You spent 3538 gold pieces at shops.


Innate Abilities, Weirdness & Mutations

You are immune to sickness and miasma.
Your stone body is resilient. (AC +12)
You are immune to poison.
Your large and strong wings let you fly.
You resist negative energy. (rN+)
You are resistant to electric shocks. (rElec)
You are resistant to unholy torment.
You are immune to petrification.


   Skills:
 - Level 12.0(17.0) Fighting
 - Level 16.0(21.0) Axes
 - Level 5.1(10.1) Throwing
 - Level 11.4(16.4) Armour
 - Level 4.1(9.1) Dodging
 + Level 15.7(20.7) Shields
 - Level 10.0 Invocations


You had 15 spell levels left.
You didn't know any spells.
Your spell library was empty.

Inventory:

Hand Weapons
 c - the +3 broad axe of Greed {drain, *Corrode rPois rF- Will+++}
   (Okawaru gifted it to you on level 1 of the Lair of Beasts)

   A truly terrible weapon, it drains the life of any living foe it strikes.
   rF:        It makes you vulnerable to fire.
   rPois:     It protects you from poison.
   *Corrode:  It may corrode you when you take damage.
   Will:      It greatly increases your willpower.
 e - the +9 war axe "Rutz" (weapon) {spect, *Slow Will- rCorr Str+9}
   (You acquired it on level 1 of the Dungeon)

   When its wielder attacks, the weapon's spirit leaps out and strikes again.
   The spirit shares a part of any damage it takes with its wielder.
   Str:       It affects your strength (+9).
   rCorr:     It protects you from acid and corrosion.
   *Slow:     It may slow you when you take damage.
   Will:      It decreases your willpower.
 g - a +2 broad axe of flaming
Missiles
 h - 5 boomerangs
 q - 4 javelins (quivered)
Armour
 f - a +0 plate armour (worn)
 j - +0 acid dragon scales
 m - a +0 pair of boots (worn)
 v - a +2 cloak (worn)
 z - a +2 helmet of see invisible (worn)
 D - a +1 pair of gloves of dexterity (worn)
 G - a +0 tower shield (worn)
Jewellery
 i - a +6 ring of strength (right hand)
 s - an amulet of the acrobat (around neck)
 B - the ring "Aliaf" {Ice Int+3}
   (You bought it in a shop in a bazaar)

   [ring of ice]

   It enhances your ice magic.
   Int:       It affects your intelligence (+3).
   rF:        It makes you vulnerable to fire.
   rC:        It protects you from cold.
 E - the ring "Bopty" {Wiz rCorr}
   (You bought it in a shop in a bazaar)

   [ring of wizardry]

   It improves your spell success rate.
   rCorr:     It protects you from acid and corrosion.
 F - a ring of fire
 H - a ring of fire
 I - a +4 ring of evasion (left hand)
 J - the amulet of the Piercing Madman {Spirit rF- rN+++ Regen+ Dex-3}
   (You bought it in a shop in a bazaar)

   [amulet of guardian spirit]

   It causes incoming damage to be divided between your reserves of health and
   magic.
   Dex:       It affects your dexterity (-3).
   rF:        It makes you vulnerable to fire.
   rN:        It renders you almost immune to negative energy.
   Regen:     It increases your rate of health regeneration.
 Y - a ring of protection from cold
Scrolls
 a - 3 scrolls of identify
 u - 4 scrolls of teleportation
 w - 7 scrolls of enchant weapon
Potions
 b - 5 potions of attraction
 d - 8 potions of might
 k - 8 potions of heal wounds
 l - 4 potions of mutation
 n - 4 potions of lignification
 o - a potion of resistance
 p - 3 potions of curing
 x - 3 potions of haste
 A - 2 potions of cancellation
 C - a potion of magic

Dungeon Overview and Level Annotations

Branches:
Dungeon (15/15)            Temple (1/1) D:5            Lair (5/5) D:10
 Shoals (0/4) Lair:3       Spider (0/4) Lair:3        Slime (0/5) Lair:4
    Orc (2/2) D:10         Vaults (0/5) D:13         Depths (0/4) D:15
    Elf: Orc:2

Altars:
Ashenzari
Cheibriados
Dithmenos
Elyvilon
Fedhas
Gozag
Hepliaklqana
Kikubaaqudgha
Makhleb
Nemelex Xobeh
Okawaru
Qazlal
Ru
Sif Muna
Trog
Uskayaw
Vehumet
Wu Jian
Xom
Yredelemnul
Zin
The Shining One
Jiyva

Shops:
D:9 *   Orc:2 (

Portals:
Trove: D:15 (give 2 scrolls of acquirement)

Annotations:
D:5 1 runed translucent door, Crazy Yiuf
Lair:2 Pechyafi's ghost, journeyman DDEE
Orc:1 3 runed translucent doors, Dinant's ghost, journeyman DsMo


Message History

The orc sorcerer howls an incantation.
You feel disoriented. The orc priest misses you.
The orc priest invokes the aid of Beogh against you.
Beogh smites you!
You hear a shout!
You slash the orc priest!
You kill the orc priest!
Okawaru accepts your kill.
You closely miss the orc sorcerer.
Your +9 war axe "Rutz" {spect, *Slow Will- rCorr Str+9} barely misses the orc sorcerer.
You hit the orc sorcerer.
The orc sorcerer is lightly wounded.
Your +9 war axe "Rutz" {spect, *Slow Will- rCorr Str+9} misses the orc sorcerer.
You block the orc sorcerer's attack.
The orc priest calls down the wrath of Beogh upon you.
Beogh smites you!
The orc priest calls upon Beogh to heal the orc sorcerer.
The orc sorcerer's wounds heal themselves!
You hear a shout!
You closely miss the orc sorcerer.
Your +9 war axe "Rutz" {spect, *Slow Will- rCorr Str+9} hits the orc sorcerer.
Your +9 war axe "Rutz" {spect, *Slow Will- rCorr Str+9} misses the orc priest.
The orc sorcerer howls an incantation.
The orc sorcerer's hands start to glow.
You block the orc sorcerer's attack.
The orc high priest invokes the aid of Beogh against you.
Beogh smites you!
The orc wizard casts a spell.
The orc wizard flickers and vanishes for a moment.
The orc priest mumbles some strange prayers to Beogh against you.
Beogh smites you!
You feel yourself slow down.
You hear a shout!
23782 ||| READING 5 scrolls of teleportation.
As you read the scroll of teleportation, it crumbles to dust.
You feel strangely unstable. You block the orc sorcerer's attack.
The orc priest mumbles some strange prayers to Beogh against you.
Beogh smites you!
You die...

...#.. ## #..#. ##.##....
#.....oo #...(oo ...oo#
#.#oo# ###.#)@# .#....()#
.....#))# .#.....)##
###.....## ###
#......##############
##.#####...................
#.....##...........#.......
##......##...............\..


You could see an orc sorcerer, an orc warrior, 4 orc priests and 2 orc wizards.

Vanquished Creatures
  Jorgrun (D:12)
  2 tentacled starspawn (Abyss:2)
  Gastronok (Lair:3)
  An Executioner (Abyss:2)
  A very ugly thing (Abyss:2)
  Nessos (D:15)
  Azrael (D:12)
  Snorg (D:12)
  5 vault guards (D:13)
  An ogre mage (D:13)
  3 hydras
  A catoblepas (Lair:3)
  A merfolk avatar (Lair:5)
  2 boulder beetles
  A centaur warrior (D:13)
  20 death yaks
  4 two-headed ogres
  A vampire mage (D:15)
  A thrashing horror (Abyss:2)
  A deep elf knight (D:13)
  Amaemon (Lair:3)
  5 skeletal warriors
  Lodul (D:13)
  A sea snake (Lair:5)
  A deep troll (D:12)
  A flayed ghost (Abyss:2)
  2 wizards
  An orange crystal statue (D:15)
  2 starcursed masses (Abyss:2)
  A harpy (Lair:5)
  2 orc knights
  A necromancer (D:15)
  3 orc sorcerers
  2 deep elf pyromancers
  6 ugly things
  4 cyclopes
  A shadow dragon skeleton (D:15)
  A stone giant zombie (D:15)
  A black mamba (shapeshifter) (D:14)
  4 black mambas
  30 elephants
  5 manticores
  A fire giant skeleton (D:15)
  11 cane toads
  2 smoke demons (Abyss:2)
  A stone giant skeleton (D:15)
  3 gargoyles
  An orange demon (Lair:3)
  3 komodo dragons
  An unseen horror (Abyss:2)
  3 yaktaurs (D:15)
  4 rime drakes
  2 efreet
  A komodo dragon (shapeshifter) (D:14)
  An ancient zyme (Abyss:2)
  2 polar bears
  14 trolls
  6 meliai
  A wind drake (Lair:5)
  A tarantella (shapeshifter) (D:15)
  9 slime creatures (D:14)
  21 blink frogs
  An ettin zombie (Abyss:2)
  3 snapping turtles (Lair:5)
  A ynoxinul (D:8)
  3 wyverns
  2 wraiths (D:11)
  4 large abominations (Abyss:2)
  A vampire (D:11)
  A hog (shapeshifter) (D:14)
  2 steam dragons
  30 yaks
  3 fire elementals (D:12)
  A human (D:13)
  A redback (Lair:3)
  5 basilisks
  7 vampire mosquitoes (D:12)
  Menkaure (D:6)
  A warg (Orc:1)
  15 water moccasins
  2 acid dragons
  A hell hound (D:12)
  23 orc warriors
  3 black bears
  A sky beast (D:7)
  2 ice beasts
  13 ogres
  5 wolves (Lair:2)
  8 centaurs
  A phantom (D:5)
  5 kobold brigands
  7 bullfrogs
  3 gnoll sergeants (D:10)
  3 scorpions
  3 necrophages
  5 wights (D:10)
  3 small abominations (Abyss:2)
  8 killer bees
  5 howler monkeys
  3 quasits (Abyss:2)
  2 hounds
  17 orc priests
  3 gnoll boudas
  2 iron imps (Abyss:2)
  An iguana (D:7)
  27 orc wizards
  7 adders
  22 gnolls
  3 shadow imps
  A white imp (D:6)
  2 ufetubi
  A worm (D:3)
  57 orcs
  2 endoplasms (D:1)
  5 giant cockroaches
  5 goblins
  9 hobgoblins
  3 jackals (D:4)
  4 quokkas
  10 ball pythons
  12 bats
  3 frilled lizards
  14 kobolds
  2 rats (D:1)
  A starspawn tentacle (Abyss:2)
615 creatures vanquished.

Vanquished Creatures (others)
  A yaktaur (D:15)
  An iguana (D:4)
  An endoplasm (D:4)
  22 fungi
  47 plants
  3 starspawn tentacles (Abyss:2)
  A withered plant (D:15)
76 creatures vanquished.

Grand Total: 691 creatures vanquished

Notes
Turn   | Place    | Note
-------+----------+-------------------------------------------
     0 | D:1      | qw the Gargoyle Fighter began the quest for the Orb.
     0 | D:1      | Reached XP level 1. HP: 14/14 MP: 1/1
     0 | D:1      | 0 ||| qw: Version: 0.2-a-12-gaebbb33
     0 | D:1      | 0 ||| qw: Game counter: 1298
     0 | D:1      | 0 ||| qw: Always use a shield: true
     0 | D:1      | 0 ||| qw: God list: Okawaru
     0 | D:1      | 0 ||| qw: Allow faded altars: false
     0 | D:1      | 0 ||| qw: Do Orc after D:15 true
     0 | D:1      | 0 ||| qw: Do second Lair branch before Depths: true
     0 | D:1      | 0 ||| qw: Lair rune preference: random
     0 | D:1      | 0 ||| qw: Plans: Normal, Zot:1-4, God:TSO, Crypt, Tomb,
                  | Pan, Slime:5, Hells, Abyss, Orb
     0 | D:1      | 0 ||| PLANNING D:1-11
    19 | D:1      | Reached skill level 2 in Axes
   294 | D:1      | Reached XP level 2. HP: 19/19 MP: 2/2
   404 | D:1      | Found a faded altar of an unknown god.
   426 | D:1      | 426 ||| Stepping ~*~*~tactically~*~*~ (stealth).
   649 | D:1      | 649 ||| DROPPING +0 club.
   687 | D:1      | 687 ||| Stepping ~*~*~tactically~*~*~ (stealth).
   689 | D:1      | 689 ||| Stepping ~*~*~tactically~*~*~ (stealth).
   750 | D:1      | Reached skill level 3 in Axes
   805 | D:1      | Reached XP level 3. HP: 23/23 MP: 3/3
   819 | D:1      | 819 ||| Stepping ~*~*~tactically~*~*~ (stealth).
   829 | D:1      | 829 ||| Stepping ~*~*~tactically~*~*~ (stealth).
   831 | D:1      | 831 ||| Stepping ~*~*~tactically~*~*~ (stealth).
   834 | D:1      | 834 ||| Stepping ~*~*~tactically~*~*~ (stealth).
   835 | D:1      | 835 ||| Stepping ~*~*~tactically~*~*~ (stealth).
   839 | D:1      | 839 ||| Stepping ~*~*~tactically~*~*~ (stealth).
  1326 | D:1      | 1326 ||| READING 4 scrolls labelled ABRALO ZEAGOAT.
  1327 | D:1      | 1327 ||| READING scroll labelled ACISOCYDEA.
  1328 | D:1      | 1328 ||| READING scroll labelled LEFULO OROE.
  1332 | D:1      | 1332 ||| READING scroll labelled VYRPHO CASOGHA.
  1332 | D:1      | Identified a scroll of acquirement
  1332 | D:1      | 1332 ||| ACQUIRING +9 war axe "Rutz" {spect, *Slow Will-
                  | rCorr Str+9}
  1332 | D:1      | Acquired the +9 war axe "Rutz" {spect, *Slow Will- rCorr
                  | Str+9}
  1334 | D:1      | 1334 ||| SWAPPING to +9 war axe "Rutz" {spect, *Slow Will-
                  | rCorr Str+9}.
  1335 | D:1      | 1335 ||| DROPPING +0 war axe.
  1336 | D:1      | 1336 ||| READING scroll labelled NULASU POVE.
  1476 | D:2      | Found a blossoming altar of Fedhas.
  1488 | D:2      | 1488 ||| Stepping ~*~*~tactically~*~*~ (stealth).
  1562 | D:2      | 1562 ||| Stepping ~*~*~tactically~*~*~ (stealth).
  1565 | D:2      | Reached skill level 1 in Throwing
  1762 | D:2      | 1762 ||| READING scroll labelled XUGOLUW ADGHUA.
  1763 | D:2      | 1763 ||| READING 5 scrolls of identify.
  1763 | D:2      | 1763 ||| IDENTIFYING murky puce potion
  1764 | D:2      | 1764 ||| READING 4 scrolls of identify.
  1764 | D:2      | 1764 ||| IDENTIFYING cyan potion
  1765 | D:2      | 1765 ||| DROPPING potion of berserk rage.
  1877 | D:3      | 1877 ||| Stepping ~*~*~tactically~*~*~ (hiding).
  1882 | D:3      | Reached XP level 4. HP: 28/28 MP: 4/4
  1930 | D:3      | 1930 ||| Stepping ~*~*~tactically~*~*~ (stealth).
  1972 | D:3      | Found a snail-covered altar of Cheibriados.
  2281 | D:3      | Found an ancient bone altar of Kikubaaqudgha.
  2282 | D:3      | Found a sacrificial altar of Ru.
  2337 | D:3      | Found a stormy altar of Qazlal.
  2339 | D:3      | Found a sparkling altar of Nemelex Xobeh.
  2456 | D:3      | 2456 ||| UPGRADING to +0 pair of gloves.
  2461 | D:3      | 2461 ||| READING scroll labelled TIOSAATUA XYFUO.
  2462 | D:3      | 2462 ||| READING 4 scrolls of identify.
  2462 | D:3      | 2462 ||| IDENTIFYING fizzy purple potion
  2463 | D:3      | 2463 ||| DROPPING potion of degeneration.
  2555 | D:4      | Noticed an ogre
  2559 | D:4      | HP: 1/28 [ogre/+0 giant club (27)]
  2560 | D:4      | 2560 ||| READING scroll of teleportation.
  2562 | D:4      | Killed an ogre
  2563 | D:4      | Reached skill level 4 in Axes
  2563 | D:4      | Reached XP level 5. HP: 1/32 MP: 5/5
  2891 | D:4      | Found a radiant altar of Vehumet.
  2893 | D:4      | 2893 ||| DROPPING +0 mace.
  2912 | D:4      | Reached skill level 5 in Axes
  2914 | D:4      | Reached skill level 1 in Dodging
  2914 | D:4      | Reached XP level 6. HP: 23/37 MP: 6/6
  2946 | D:4      | 2946 ||| FLEEEEING.
  2947 | D:4      | 2947 ||| FLEEEEING.
  2948 | D:4      | 2948 ||| FLEEEEING.
  2949 | D:4      | 2949 ||| FLEEEEING.
  2950 | D:4      | 2950 ||| FLEEEEING.
  2951 | D:4      | 2951 ||| FLEEEEING.
  2952 | D:4      | 2952 ||| FLEEEEING.
  2953 | D:4      | 2953 ||| FLEEEEING.
  2954 | D:4      | 2954 ||| FLEEEEING.
  2960 | D:4      | 2960 ||| FLEEEEING.
  2961 | D:4      | 2961 ||| FLEEEEING.
  2962 | D:4      | 2962 ||| FLEEEEING.
  2963 | D:4      | 2963 ||| FLEEEEING.
  2964 | D:4      | 2964 ||| FLEEEEING.
  2965 | D:4      | 2965 ||| FLEEEEING.
  2966 | D:4      | 2966 ||| FLEEEEING.
  2967 | D:4      | 2967 ||| FLEEEEING.
  2968 | D:4      | 2968 ||| FLEEEEING.
  2969 | D:4      | 2969 ||| FLEEEEING.
  2975 | D:4      | 2975 ||| FLEEEEING.
  2976 | D:4      | 2976 ||| FLEEEEING.
  2977 | D:4      | 2977 ||| FLEEEEING.
  2978 | D:4      | 2978 ||| FLEEEEING.
  2979 | D:4      | 2979 ||| FLEEEEING.
  2980 | D:4      | 2980 ||| FLEEEEING.
  2981 | D:4      | 2981 ||| FLEEEEING.
  2982 | D:4      | 2982 ||| FLEEEEING.
  2983 | D:4      | 2983 ||| FLEEEEING.
  2989 | D:4      | 2989 ||| FLEEEEING.
  2990 | D:4      | 2990 ||| FLEEEEING.
  2991 | D:4      | 2991 ||| FLEEEEING.
  2992 | D:4      | 2992 ||| FLEEEEING.
  2993 | D:4      | 2993 ||| FLEEEEING.
  2994 | D:4      | 2994 ||| FLEEEEING.
  2995 | D:4      | 2995 ||| FLEEEEING.
  2996 | D:4      | 2996 ||| FLEEEEING.
  3005 | D:4      | 3005 ||| FLEEEEING.
  3006 | D:4      | 3006 ||| FLEEEEING.
  3012 | D:4      | 3012 ||| STAIRDANCE
  3239 | D:4      | 3239 ||| Stepping ~*~*~tactically~*~*~ (stealth).
  3260 | D:4      | 3260 ||| Stepping ~*~*~tactically~*~*~ (stealth).
  3261 | D:4      | 3261 ||| Stepping ~*~*~tactically~*~*~ (stealth).
  3281 | D:4      | Found a shadowy altar of Dithmenos.
  3282 | D:4      | Found a hazy altar of Hepliaklqana.
  3284 | D:4      | Noticed a shadow
  3320 | D:4      | 3320 ||| DRINKING 2 potions of curing.
  3320 | D:4      | 3320 ||| (to cure confusion)
  3845 | D:4      | Reached skill level 6 in Axes
  3845 | D:4      | Reached XP level 7. HP: 43/43 MP: 7/7
  4007 | D:4      | 4007 ||| UPGRADING to +0 chain mail.
  4017 | D:4      | 4017 ||| DROPPING +0 scale mail.
  4018 | D:4      | 4018 ||| DRINKING 2 black potions.
  4093 | D:4      | 4093 ||| STAIRDANCE
  4097 | D:4      | 4097 ||| STAIRDANCE
  4101 | D:4      | 4101 ||| STAIRDANCE
  4105 | D:4      | 4105 ||| STAIRDANCE
  4109 | D:4      | 4109 ||| STAIRDANCE
  4113 | D:4      | 4113 ||| STAIRDANCE
  4117 | D:4      | 4117 ||| STAIRDANCE
  4121 | D:4      | 4121 ||| STAIRDANCE
  4125 | D:4      | 4125 ||| STAIRDANCE
  4129 | D:4      | 4129 ||| STAIRDANCE
  4133 | D:4      | 4133 ||| STAIRDANCE
  4137 | D:4      | 4137 ||| STAIRDANCE
  4141 | D:4      | 4141 ||| STAIRDANCE
  4145 | D:4      | 4145 ||| STAIRDANCE
  4149 | D:4      | 4149 ||| STAIRDANCE
  4153 | D:4      | 4153 ||| STAIRDANCE
  4157 | D:4      | 4157 ||| STAIRDANCE
  4161 | D:4      | 4161 ||| STAIRDANCE
  4165 | D:4      | 4165 ||| STAIRDANCE
  4591 | D:5      | Entered Level 5 of the Dungeon
  4673 | D:5      | Reached skill level 7 in Axes
  4689 | D:5      | Found a staircase to the Ecumenical Temple.
  4690 | D:5      | 4690 ||| PLANNING TEMPLE
  4690 | D:5      | 4690 ||| READING scroll labelled APRUTE SAGEAK.
  4791 | D:5      | 4791 ||| READING 3 scrolls of identify.
  4791 | D:5      | 4791 ||| IDENTIFYING red potion
  4792 | D:5      | 4792 ||| READING 2 scrolls of identify.
  4792 | D:5      | 4792 ||| IDENTIFYING viscous brown potion
  4793 | D:5      | 4793 ||| DROPPING potion of invisibility.
  4798 | Temple   | Entered the Ecumenical Temple
  4805 | Temple   | 4805 ||| PLANNING OKAWARU WORSHIP
  4812 | Temple   | Became a worshipper of Warmaster Okawaru
  4813 | Temple   | 4813 ||| PLANNING D:1-11
  4942 | D:5      | Found a runed translucent door.
  4943 | D:5      | Noticed Crazy Yiuf
  5067 | D:5      | Reached XP level 8. HP: 46/48 MP: 8/8
  5472 | D:5      | 5472 ||| READING scroll labelled GOGREL SACEKH.
  5473 | D:5      | 5473 ||| READING 4 scrolls of identify.
  5473 | D:5      | 5473 ||| IDENTIFYING yellow potion
  5811 | D:6      | Reached skill level 8 in Axes
  5866 | D:6      | 5866 ||| Stepping ~*~*~tactically~*~*~ (stealth).
  5952 | D:6      | Noticed Menkaure
  5955 | D:6      | Killed Menkaure
  5955 | D:6      | Reached * piety under Okawaru
  5956 | D:6      | Reached skill level 6 in Fighting
  6022 | D:6      | 6022 ||| Stepping ~*~*~tactically~*~*~ (hiding).
  6027 | D:6      | 6027 ||| INVOKING Heroism.
  6034 | D:6      | 6034 ||| Stepping ~*~*~tactically~*~*~ (cloud).
  6152 | D:6      | Reached skill level 1 in Invocations
  6240 | D:6      | 6240 ||| Stepping ~*~*~tactically~*~*~ (stealth).
  6241 | D:6      | 6241 ||| Stepping ~*~*~tactically~*~*~ (stealth).
  6249 | D:6      | 6249 ||| Stepping ~*~*~tactically~*~*~ (stealth).
  6255 | D:6      | 6255 ||| Stepping ~*~*~tactically~*~*~ (stealth).
  6347 | D:6      | 6347 ||| UPGRADING to +0 pair of boots.
  6352 | D:6      | 6352 ||| DROPPING scarf of shadows.
  6353 | D:6      | 6353 ||| UPGRADING to ring of protection from cold.
  6396 | D:7      | 6396 ||| Stepping ~*~*~tactically~*~*~ (hiding).
  6401 | D:7      | Reached XP level 9. HP: 50/55 MP: 8/10
  6410 | D:7      | 6410 ||| Stepping ~*~*~tactically~*~*~ (stealth).
  6421 | D:7      | 6421 ||| Stepping ~*~*~tactically~*~*~ (stealth).
  6422 | D:7      | 6422 ||| Stepping ~*~*~tactically~*~*~ (stealth).
  6423 | D:7      | 6423 ||| Stepping ~*~*~tactically~*~*~ (stealth).
  6428 | D:7      | 6428 ||| Stepping ~*~*~tactically~*~*~ (stealth).
  6487 | D:7      | Reached skill level 3 in Invocations
  6503 | D:7      | 6503 ||| Stepping ~*~*~tactically~*~*~ (stealth).
  6524 | D:7      | 6524 ||| Stepping ~*~*~tactically~*~*~ (hiding).
  6674 | D:7      | Found a glowing golden altar of the Shining One.
  6676 | D:7      | Found a glowing silver altar of Zin.
  6679 | D:7      | Found a white marble altar of Elyvilon.
  6745 | D:7      | 6745 ||| Stepping ~*~*~tactically~*~*~ (hiding).
  6747 | D:7      | 6747 ||| Stepping ~*~*~tactically~*~*~ (hiding).
  6752 | D:7      | 6752 ||| INVOKING Heroism.
  6753 | D:7      | 6753 ||| DRINKING potion of curing.
  6753 | D:7      | 6753 ||| (to cure confusion)
  6771 | D:7      | 6771 ||| Stepping ~*~*~tactically~*~*~ (stealth).
  6786 | D:7      | 6786 ||| Stepping ~*~*~tactically~*~*~ (stealth).
  6798 | D:7      | 6798 ||| READING scroll of acquirement.
  6798 | D:7      | 6798 ||| ACQUIRING 1163 gold pieces
  6798 | D:7      | Acquired 1163 gold pieces
  6981 | D:7      | Reached skill level 9 in Axes
  7060 | D:7      | 7060 ||| Stepping ~*~*~tactically~*~*~ (stealth).
  7073 | D:7      | 7073 ||| Stepping ~*~*~tactically~*~*~ (stealth).
  7075 | D:7      | 7075 ||| INVOKING Heroism.
  7079 | D:7      | Reached ** piety under Okawaru
  7092 | D:7      | Identified the +6 short sword of Extremism {flame, rElec
                  | rCorr Int+4}
  7207 | D:7      | 7207 ||| UPGRADING to +0 plate armour.
  7217 | D:7      | 7217 ||| DROPPING +0 chain mail.
  7218 | D:7      | 7218 ||| DROPPING ring of flight.
  7219 | D:7      | 7219 ||| READING scroll labelled XAOSALAQUI.
  7220 | D:7      | 7220 ||| READING scroll labelled XAN KIYVUH.
  7221 | D:7      | 7221 ||| READING 4 scrolls of identify.
  7221 | D:7      | 7221 ||| IDENTIFYING lumpy black potion
  7222 | D:7      | 7222 ||| READING 3 scrolls of identify.
  7222 | D:7      | 7222 ||| IDENTIFYING glowing inky potion
  7223 | D:7      | 7223 ||| DROPPING potion of ambrosia.
  7331 | D:8      | 7331 ||| INVOKING Heroism.
  7398 | D:8      | 7398 ||| Stepping ~*~*~tactically~*~*~ (stealth).
  7434 | D:8      | 7434 ||| Stepping ~*~*~tactically~*~*~ (stealth).
  7436 | D:8      | 7436 ||| Stepping ~*~*~tactically~*~*~ (hiding).
  7439 | D:8      | 7439 ||| Stepping ~*~*~tactically~*~*~ (hiding).
  7441 | D:8      | 7441 ||| Stepping ~*~*~tactically~*~*~ (stealth).
  7448 | D:8      | 7448 ||| FLEEEEING.
  7449 | D:8      | 7449 ||| FLEEEEING.
  7450 | D:8      | 7450 ||| FLEEEEING.
  7452 | D:8      | 7452 ||| FLEEEEING.
  7453 | D:8      | 7453 ||| FLEEEEING.
  7454 | D:8      | 7454 ||| FLEEEEING.
  7455 | D:8      | 7455 ||| FLEEEEING.
  7456 | D:8      | 7456 ||| FLEEEEING.
  7457 | D:8      | 7457 ||| FLEEEEING.
  7458 | D:8      | 7458 ||| FLEEEEING.
  7459 | D:8      | 7459 ||| FLEEEEING.
  7460 | D:8      | 7460 ||| FLEEEEING.
  7518 | D:8      | 7518 ||| INVOKING Heroism.
  7547 | D:8      | 7547 ||| Stepping ~*~*~tactically~*~*~ (hiding).
  7555 | D:8      | Reached skill level 6 in Armour
  7556 | D:8      | 7556 ||| INVOKING Heroism.
  7788 | D:8      | 7788 ||| INVOKING Heroism.
  8003 | D:8      | Found a shimmering blue altar of Sif Muna.
  8004 | D:8      | 8004 ||| INVOKING Heroism.
  8011 | D:8      | Reached XP level 10. HP: 63/63 MP: 10/13
  8035 | D:8      | Found a bloodstained altar of Trog.
  8036 | D:8      | 8036 ||| INVOKING Heroism.
  8040 | D:8      | Reached skill level 10 in Axes
  8073 | D:8      | 8073 ||| DROPPING amulet of guardian spirit.
  8074 | D:8      | 8074 ||| UPGRADING to ring of willpower.
  8075 | D:8      | 8075 ||| READING scroll labelled LELLIG REZEHOF.
  8076 | D:8      | 8076 ||| READING scroll labelled ESEKIP COWACOM.
  8077 | D:8      | 8077 ||| READING scroll labelled KOITYVE NICARGH.
  8090 | D:9      | 8090 ||| INVOKING Heroism.
  8214 | D:9      | Reached *** piety under Okawaru
  8220 | D:9      | Noticed a boulder beetle
  8221 | D:9      | 8221 ||| INVOKING Heroism.
  8228 | D:9      | Killed a boulder beetle
  8344 | D:9      | Found Vuimp's Neck Hole.
  8347 | D:9      | 8347 ||| BUYING +0 cloak (76 gold).
  8347 | D:9      | Bought a +0 cloak for 76 gold pieces
  8347 | D:9      | 8347 ||| BUYING +1 cloak (195 gold).
  8347 | D:9      | Bought a +1 cloak for 195 gold pieces
  8347 | D:9      | 8347 ||| BUYING amulet of the acrobat (510 gold).
  8347 | D:9      | Bought an amulet of the acrobat for 510 gold pieces
  8364 | D:9      | 8364 ||| Stepping ~*~*~tactically~*~*~ (hiding).
  8365 | D:9      | 8365 ||| Stepping ~*~*~tactically~*~*~ (hiding).
  8393 | D:9      | 8393 ||| INVOKING Heroism.
  8395 | D:9      | Noticed a two-headed ogre
  8401 | D:9      | Killed a two-headed ogre
  8401 | D:9      | Reached **** piety under Okawaru
  8588 | D:9      | 8588 ||| Stepping ~*~*~tactically~*~*~ (hiding).
  8589 | D:9      | 8589 ||| Stepping ~*~*~tactically~*~*~ (hiding).
  8594 | D:9      | 8594 ||| Stepping ~*~*~tactically~*~*~ (hiding).
  8603 | D:9      | 8603 ||| Stepping ~*~*~tactically~*~*~ (stealth).
  8620 | D:9      | 8620 ||| INVOKING Heroism.
  8681 | D:9      | 8681 ||| Stepping ~*~*~tactically~*~*~ (hiding).
  8711 | D:9      | 8711 ||| Stepping ~*~*~tactically~*~*~ (stealth).
  8715 | D:9      | 8715 ||| Stepping ~*~*~tactically~*~*~ (hiding).
  8716 | D:9      | 8716 ||| Stepping ~*~*~tactically~*~*~ (hiding).
  8754 | D:9      | 8754 ||| Stepping ~*~*~tactically~*~*~ (stealth).
  8763 | D:9      | 8763 ||| DROPPING +0 flail.
  8928 | D:9      | 8928 ||| UPGRADING to +0 cloak.
  8933 | D:9      | 8933 ||| UPGRADING to +1 cloak.
  8943 | D:9      | 8943 ||| DROPPING +0 cloak.
  8944 | D:9      | 8944 ||| UPGRADING to amulet of the acrobat.
  8964 | D:10     | Entered Level 10 of the Dungeon
  8964 | D:10     | Found a staircase to the Lair.
  8965 | D:10     | Noticed an elephant
  8966 | D:10     | 8966 ||| INVOKING Heroism.
  8973 | D:10     | Killed an elephant
  8974 | D:10     | Reached XP level 11. HP: 68/69 MP: 11/15
  9015 | D:10     | 9015 ||| INVOKING Heroism.
  9023 | D:10     | Reached skill level 6 in Invocations
  9262 | D:10     | Found a staircase to the Orcish Mines.
  9263 | D:10     | 9263 ||| INVOKING Heroism.
  9274 | D:10     | Received a gift from Okawaru
  9276 | D:10     | HP: 14/69 [troll (9)]
  9277 | D:10     | 9277 ||| READING 2 scrolls of teleportation.
  9277 | D:10     | HP: 2/69 [orc warrior/+0 hand axe (8)]
  9278 | D:10     | 9278 ||| DRINKING 4 potions of heal wounds.
  9284 | D:10     | 9284 ||| INVOKING Heroism.
  9517 | D:10     | 9517 ||| Stepping ~*~*~tactically~*~*~ (hiding).
  9519 | D:10     | 9519 ||| Stepping ~*~*~tactically~*~*~ (hiding).
  9521 | D:10     | 9521 ||| INVOKING Heroism.
  9585 | D:10     | 9585 ||| INVOKING Heroism.
  9596 | D:10     | 9596 ||| Stepping ~*~*~tactically~*~*~ (hiding).
  9601 | D:10     | Reached ***** piety under Okawaru
  9606 | D:10     | 9606 ||| Stepping ~*~*~tactically~*~*~ (stealth).
  9618 | D:10     | 9618 ||| Stepping ~*~*~tactically~*~*~ (stealth).
  9634 | D:10     | 9634 ||| INVOKING Heroism.
  9756 | D:10     | 9756 ||| INVOKING Heroism.
  9878 | D:10     | 9878 ||| Stepping ~*~*~tactically~*~*~ (stealth).
  9886 | D:10     | Reached skill level 11 in Axes
  9886 | D:10     | 9886 ||| FLEEEEING.
  9887 | D:10     | 9887 ||| FLEEEEING.
  9888 | D:10     | 9888 ||| FLEEEEING.
  9889 | D:10     | 9889 ||| FLEEEEING.
  9890 | D:10     | 9890 ||| FLEEEEING.
  9891 | D:10     | 9891 ||| FLEEEEING.
  9892 | D:10     | 9892 ||| FLEEEEING.
 10028 | D:10     | 10028 ||| INVOKING Heroism.
 10180 | D:10     | 10180 ||| INVOKING Heroism.
 10260 | D:10     | 10260 ||| PLANNING LAIR
 10260 | D:10     | 10260 ||| UPGRADING to +0 kite shield.
 10270 | D:10     | 10270 ||| DROPPING +0 buckler.
 10271 | D:10     | 10271 ||| UPGRADING to +6 ring of strength.
 10273 | D:10     | 10273 ||| UPGRADING to ring of protection from cold.
 10307 | Lair:1   | Entered Level 1 of the Lair of Beasts
 10342 | Lair:1   | 10342 ||| INVOKING Heroism.
 10494 | Lair:1   | 10494 ||| Stepping ~*~*~tactically~*~*~ (hiding).
 10496 | Lair:1   | 10496 ||| INVOKING Heroism.
 10502 | Lair:1   | Reached skill level 6 in Shields
 10505 | Lair:1   | Identified the +3 broad axe of Greed {drain, *Corrode rPois
                  | rF- Will+++} (Okawaru gifted it to you on level 1 of the
                  | Lair of Beasts)
 10505 | Lair:1   | Received a gift from Okawaru
 10506 | Lair:1   | Reached skill level 9 in Invocations
 10524 | Lair:1   | 10524 ||| Stepping ~*~*~tactically~*~*~ (stealth).
 10544 | Lair:1   | 10544 ||| Stepping ~*~*~tactically~*~*~ (stealth).
 10545 | Lair:1   | 10545 ||| Stepping ~*~*~tactically~*~*~ (stealth).
 10550 | Lair:1   | 10550 ||| Stepping ~*~*~tactically~*~*~ (stealth).
 10558 | Lair:1   | 10558 ||| INVOKING Heroism.
 10788 | Lair:1   | 10788 ||| INVOKING Heroism.
 10793 | Lair:1   | Reached XP level 12. HP: 75/75 MP: 15/19
 10939 | Lair:1   | 10939 ||| INVOKING Heroism.
 11106 | Lair:1   | 11106 ||| DRINKING 2 viscous puce potions.
 11107 | Lair:1   | 11107 ||| READING 5 scrolls of identify.
 11107 | Lair:1   | 11107 ||| IDENTIFYING brown potion
 11122 | Lair:2   | Found a runed translucent gate.
 11122 | Lair:2   | Found a runed translucent gate.
 11122 | Lair:2   | Found a runed translucent gate.
 11122 | Lair:2   | You fall into a shaft and drop 2 floors!
 11123 | Lair:4   | 11123 ||| PLANNING GAUNTLET
 11135 | Lair:3   | Found a hole to the Spider Nest.
 11191 | Lair:3   | Noticed Amaemon
 11192 | Lair:3   | 11192 ||| INVOKING Heroism.
 11199 | Lair:3   | Killed Amaemon
 11207 | Lair:3   | 11207 ||| DROPPING +0 morningstar.
 11236 | Lair:3   | Noticed Gastronok
 11237 | Lair:3   | 11237 ||| Stepping ~*~*~tactically~*~*~ (stealth).
 11238 | Lair:3   | Found a staircase to the Shoals.
 11239 | Lair:3   | 11239 ||| INVOKING Heroism.
 11260 | Lair:3   | Killed Gastronok
 11385 | Lair:3   | 11385 ||| UPGRADING to +1 hat of intelligence.
 11390 | Lair:3   | 11390 ||| UPGRADING to +2 helmet of see invisible.
 11400 | Lair:3   | 11400 ||| DROPPING +1 hat of intelligence.
 11419 | Lair:2   | Reached skill level 9 in Shields
 11451 | Lair:2   | 11451 ||| INVOKING Heroism.
 11523 | Lair:2   | 11523 ||| RIP GAUNTLET
 11554 | Lair:2   | 11554 ||| PLANNING LAIR
 11589 | Lair:2   | Noticed Pechyafi's ghost (journeyman DDEE)
 11757 | Lair:2   | 11757 ||| INVOKING Heroism.
 12159 | Lair:2   | 12159 ||| UPGRADING to +2 cloak.
 12169 | Lair:2   | 12169 ||| DROPPING +1 cloak.
 12170 | Lair:2   | 12170 ||| READING 4 scrolls of identify.
 12170 | Lair:2   | 12170 ||| IDENTIFYING fizzy yellow potion
 12190 | Lair:3   | 12190 ||| INVOKING Heroism.
 12193 | Lair:3   | 12193 ||| STAIRDANCE
 12196 | Lair:2   | Received a gift from Okawaru
 12197 | Lair:2   | Reached skill level 9 in Fighting
 12204 | Lair:2   | 12204 ||| DROPPING +1 demon whip of venom.
 12237 | Lair:3   | 12237 ||| STAIRDANCE
 12239 | Lair:2   | 12239 ||| INVOKING Heroism.
 12381 | Lair:3   | 12381 ||| INVOKING Heroism.
 12382 | Lair:3   | 12382 ||| STAIRDANCE
 12560 | Lair:3   | Noticed a death yak
 12561 | Lair:3   | 12561 ||| INVOKING Heroism.
 12561 | Lair:3   | Noticed a death yak
 12562 | Lair:3   | 12562 ||| INVOKING Finesse.
 12562 | Lair:3   | Noticed a death yak
 12562 | Lair:3   | Noticed a death yak
 12567 | Lair:3   | Noticed a death yak
 12573 | Lair:3   | Killed a death yak
 12574 | Lair:3   | Reached skill level 12 in Axes
 12574 | Lair:3   | Reached XP level 13. HP: 80/80 MP: 13/20
 12579 | Lair:3   | Reached ****** piety under Okawaru
 12580 | Lair:3   | Reached skill level 9 in Armour
 12713 | Lair:3   | Received a gift from Okawaru
 12916 | Lair:3   | 12916 ||| Stepping ~*~*~tactically~*~*~ (stealth).
 13311 | Lair:3   | 13311 ||| INVOKING Heroism.
 13312 | Lair:3   | 13312 ||| INVOKING Finesse.
 13483 | Lair:3   | 13483 ||| DROPPING scarf of shadows.
 13484 | Lair:3   | 13484 ||| DROPPING ring of willpower.
 13505 | Lair:4   | 13505 ||| FLEEEEING.
 13506 | Lair:4   | 13506 ||| STAIRDANCE
 13853 | Lair:4   | 13853 ||| Stepping ~*~*~tactically~*~*~ (stealth).
 14114 | Lair:4   | Found a staircase to the Slime Pits.
 14115 | Lair:4   | Found a viscous altar of Jiyva.
 14116 | Lair:4   | 14116 ||| Stepping ~*~*~tactically~*~*~ (hiding).
 14247 | Lair:4   | 14247 ||| INVOKING Heroism.
 14300 | Lair:4   | 14300 ||| Stepping ~*~*~tactically~*~*~ (stealth).
 14304 | Lair:4   | 14304 ||| Stepping ~*~*~tactically~*~*~ (stealth).
 14591 | Lair:4   | 14591 ||| Stepping ~*~*~tactically~*~*~ (stealth).
 14593 | Lair:4   | 14593 ||| INVOKING Heroism.
 14598 | Lair:4   | Reached skill level 13 in Axes
 14743 | Lair:5   | Entered Level 5 of the Lair of Beasts
 14747 | Lair:5   | 14747 ||| INVOKING Heroism.
 14748 | Lair:5   | 14748 ||| INVOKING Finesse.
 14751 | Lair:5   | 14751 ||| SWAPPING to +3 war axe of flaming.
 14758 | Lair:5   | 14758 ||| SWAPPING to +9 war axe "Rutz" {spect, *Slow Will-
                  | rCorr Str+9}.
 14767 | Lair:5   | Received a gift from Okawaru
 14980 | Lair:5   | 14980 ||| INVOKING Heroism.
 15107 | Lair:5   | 15107 ||| INVOKING Heroism.
 15116 | Lair:5   | 15116 ||| Stepping ~*~*~tactically~*~*~ (stealth).
 15119 | Lair:5   | Gained mutation: Your large and strong wings let you fly.
                  | [Gargoyle growth]
 15119 | Lair:5   | Reached XP level 14. HP: 88/88 MP: 19/21
 15125 | Lair:5   | 15125 ||| Stepping ~*~*~tactically~*~*~ (hiding).
 15166 | Lair:5   | 15166 ||| Stepping ~*~*~tactically~*~*~ (stealth).
 15198 | Lair:5   | 15198 ||| INVOKING Heroism.
 15199 | Lair:5   | 15199 ||| Stepping ~*~*~tactically~*~*~ (stealth).
 15203 | Lair:5   | 15203 ||| INVOKING Finesse.
 15210 | Lair:5   | Reached skill level 14 in Axes
 15306 | Lair:5   | 15306 ||| Stepping ~*~*~tactically~*~*~ (stealth).
 15390 | Lair:5   | 15390 ||| Stepping ~*~*~tactically~*~*~ (stealth).
 15417 | Lair:5   | 15417 ||| Stepping ~*~*~tactically~*~*~ (stealth).
 15420 | Lair:5   | 15420 ||| Stepping ~*~*~tactically~*~*~ (stealth).
 15439 | Lair:5   | Reached skill level 12 in Shields
 15686 | Lair:5   | Reached skill level 3 in Dodging
 15783 | Lair:5   | 15783 ||| Stepping ~*~*~tactically~*~*~ (stealth).
 15785 | Lair:5   | 15785 ||| Stepping ~*~*~tactically~*~*~ (hiding).
 15786 | Lair:5   | 15786 ||| INVOKING Heroism.
 15787 | Lair:5   | 15787 ||| INVOKING Finesse.
 15792 | Lair:5   | Identified the +3 trident "Demonslayer" {vorpal, rElec
                  | rN+++ Str+3 Int-3}
 15832 | Lair:5   | Identified the +10 morningstar of Virtue {elec, rF+ rN+
                  | Dex+4 Stlth+}
 16038 | Lair:5   | 16038 ||| INVOKING Heroism.
 16039 | Lair:5   | 16039 ||| INVOKING Finesse.
 16049 | Lair:5   | Received a gift from Okawaru
 16097 | Lair:5   | 16097 ||| DROPPING +0 broad axe of venom.
 16286 | Lair:5   | 16286 ||| PLANNING D:1-11
 16286 | Lair:5   | 16286 ||| DROPPING +2 chain mail of poison resistance.
 16287 | Lair:5   | 16287 ||| UPGRADING to +0 pair of gloves of dexterity.
 16297 | Lair:5   | 16297 ||| DROPPING +0 pair of gloves.
 16298 | Lair:5   | 16298 ||| READING scroll labelled LEMICI RIRAI.
 16299 | Lair:5   | 16299 ||| READING 5 scrolls of identify.
 16299 | Lair:5   | 16299 ||| IDENTIFYING coppery potion
 16300 | Lair:5   | 16300 ||| READING 4 scrolls of identify.
 16300 | Lair:5   | 16300 ||| IDENTIFYING pink potion
 16301 | Lair:5   | 16301 ||| DROPPING potion of brilliance.
 16448 | D:11     | 16448 ||| Stepping ~*~*~tactically~*~*~ (stealth).
 16449 | D:11     | 16449 ||| Stepping ~*~*~tactically~*~*~ (stealth).
 16474 | D:11     | 16474 ||| Stepping ~*~*~tactically~*~*~ (stealth).
 16592 | D:11     | 16592 ||| INVOKING Heroism.
 16594 | D:11     | 16594 ||| DRINKING 5 potions of curing.
 16594 | D:11     | 16594 ||| (to cure confusion)
 16615 | D:11     | 16615 ||| Stepping ~*~*~tactically~*~*~ (stealth).
 16618 | D:11     | 16618 ||| Stepping ~*~*~tactically~*~*~ (stealth).
 16629 | D:11     | 16629 ||| Stepping ~*~*~tactically~*~*~ (stealth).
 16971 | D:11     | 16971 ||| Stepping ~*~*~tactically~*~*~ (hiding).
 17102 | D:11     | 17102 ||| PLANNING D
 17135 | D:12     | Reached skill level 15 in Axes
 17224 | D:12     | 17224 ||| INVOKING Heroism.
 17225 | D:12     | 17225 ||| INVOKING Finesse.
 17292 | D:12     | 17292 ||| Stepping ~*~*~tactically~*~*~ (stealth).
 17414 | D:12     | Noticed Jorgrun
 17415 | D:12     | 17415 ||| Stepping ~*~*~tactically~*~*~ (hiding).
 17419 | D:12     | 17419 ||| INVOKING Heroism.
 17420 | D:12     | 17420 ||| INVOKING Finesse.
 17427 | D:12     | Killed Jorgrun
 17503 | D:12     | Noticed Snorg
 17504 | D:12     | 17504 ||| Stepping ~*~*~tactically~*~*~ (stealth).
 17506 | D:12     | 17506 ||| Stepping ~*~*~tactically~*~*~ (stealth).
 17508 | D:12     | 17508 ||| INVOKING Heroism.
 17509 | D:12     | 17509 ||| INVOKING Finesse.
 17516 | D:12     | Killed Snorg
 17522 | D:12     | Received a gift from Okawaru
 17547 | D:12     | Noticed Azrael
 17548 | D:12     | 17548 ||| Stepping ~*~*~tactically~*~*~ (stealth).
 17550 | D:12     | 17550 ||| Stepping ~*~*~tactically~*~*~ (stealth).
 17555 | D:12     | 17555 ||| INVOKING Heroism.
 17556 | D:12     | 17556 ||| INVOKING Finesse.
 17558 | D:12     | Killed Azrael
 17808 | D:12     | 17808 ||| INVOKING Heroism.
 17809 | D:12     | 17809 ||| INVOKING Finesse.
 17862 | D:12     | 17862 ||| READING scroll of enchant armour.
 17862 | D:12     | 17862 ||| ENCHANTING +0 pair of gloves of dexterity.
 17876 | D:12     | 17876 ||| Stepping ~*~*~tactically~*~*~ (hiding).
 17877 | D:12     | 17877 ||| Stepping ~*~*~tactically~*~*~ (hiding).
 18144 | D:12     | Reached XP level 15. HP: 96/96 MP: 22/22
 18155 | D:12     | Reached skill level 12 in Fighting
 18348 | D:12     | 18348 ||| INVOKING Heroism.
 18672 | D:13     | 18672 ||| Stepping ~*~*~tactically~*~*~ (hiding).
 19052 | D:13     | 19052 ||| INVOKING Heroism.
 19222 | D:13     | 19222 ||| Stepping ~*~*~tactically~*~*~ (hiding).
 19226 | D:13     | 19226 ||| INVOKING Heroism.
 19227 | Abyss:2  | Cast into level 2 of the Abyss (a wizard)
 19265 | Abyss:2  | 19265 ||| Stepping ~*~*~tactically~*~*~ (stealth).
 19321 | Abyss:2  | 19321 ||| Stepping ~*~*~tactically~*~*~ (stealth).
 19323 | Abyss:2  | 19323 ||| Stepping ~*~*~tactically~*~*~ (stealth).
 19341 | Abyss:2  | 19341 ||| INVOKING Heroism.
 19346 | Abyss:2  | Noticed an Executioner
 19347 | Abyss:2  | 19347 ||| Stepping ~*~*~tactically~*~*~ (stealth).
 19351 | Abyss:2  | Killed an Executioner
 19358 | Abyss:2  | 19358 ||| Stepping ~*~*~tactically~*~*~ (stealth).
 19376 | Abyss:2  | 19376 ||| Stepping ~*~*~tactically~*~*~ (stealth).
 19385 | Abyss:2  | 19385 ||| Stepping ~*~*~tactically~*~*~ (stealth).
 19393 | Abyss:2  | 19393 ||| Stepping ~*~*~tactically~*~*~ (stealth).
 19399 | Abyss:2  | 19399 ||| INVOKING Heroism.
 19410 | Abyss:2  | 19410 ||| Stepping ~*~*~tactically~*~*~ (hiding).
 19412 | Abyss:2  | 19412 ||| Stepping ~*~*~tactically~*~*~ (hiding).
 19434 | Abyss:2  | 19434 ||| Stepping ~*~*~tactically~*~*~ (stealth).
 19459 | Abyss:2  | 19459 ||| INVOKING Heroism.
 19496 | Abyss:2  | 19496 ||| Stepping ~*~*~tactically~*~*~ (stealth).
 19503 | Abyss:2  | Reached skill level 16 in Axes
 19508 | Abyss:2  | 19508 ||| Stepping ~*~*~tactically~*~*~ (stealth).
 19522 | Abyss:2  | Noticed a tentacled starspawn
 19523 | Abyss:2  | 19523 ||| INVOKING Heroism.
 19530 | Abyss:2  | Killed a tentacled starspawn
 19531 | Abyss:2  | Received a gift from Okawaru
 19537 | Abyss:2  | 19537 ||| Stepping ~*~*~tactically~*~*~ (stealth).
 19544 | Abyss:2  | 19544 ||| Stepping ~*~*~tactically~*~*~ (stealth).
 19555 | Abyss:2  | 19555 ||| INVOKING Heroism.
 19563 | Abyss:2  | Noticed a tentacled starspawn
 19564 | Abyss:2  | 19564 ||| Stepping ~*~*~tactically~*~*~ (stealth).
 19565 | Abyss:2  | 19565 ||| Stepping ~*~*~tactically~*~*~ (stealth).
 19571 | Abyss:2  | Killed a tentacled starspawn
 19593 | Abyss:2  | 19593 ||| Stepping ~*~*~tactically~*~*~ (stealth).
 19595 | Abyss:2  | 19595 ||| Stepping ~*~*~tactically~*~*~ (stealth).
 19597 | Abyss:2  | 19597 ||| Stepping ~*~*~tactically~*~*~ (stealth).
 19598 | Abyss:2  | 19598 ||| Stepping ~*~*~tactically~*~*~ (stealth).
 19599 | Abyss:2  | 19599 ||| Stepping ~*~*~tactically~*~*~ (stealth).
 19605 | D:13     | Escaped the Abyss
 19608 | D:13     | 19608 ||| INVOKING Heroism.
 19658 | D:13     | 19658 ||| FLEEEEING.
 19659 | D:13     | 19659 ||| FLEEEEING.
 19836 | D:13     | Received a gift from Okawaru
 19890 | D:13     | Found a gate to the Vaults.
 20032 | D:13     | 20032 ||| INVOKING Heroism.
 20312 | D:13     | 20312 ||| INVOKING Heroism.
 20313 | D:13     | 20313 ||| INVOKING Finesse.
 20317 | D:13     | 20317 ||| SWAPPING to +3 war axe of flaming.
 20321 | D:13     | 20321 ||| SWAPPING to +9 war axe "Rutz" {spect, *Slow Will-
                  | rCorr Str+9}.
 20352 | D:13     | 20352 ||| Stepping ~*~*~tactically~*~*~ (stealth).
 20368 | D:13     | 20368 ||| Stepping ~*~*~tactically~*~*~ (stealth).
 20368 | D:13     | Noticed Lodul
 20369 | D:13     | 20369 ||| Stepping ~*~*~tactically~*~*~ (hiding).
 20370 | D:13     | 20370 ||| Stepping ~*~*~tactically~*~*~ (hiding).
 20371 | D:13     | 20371 ||| Stepping ~*~*~tactically~*~*~ (hiding).
 20372 | D:13     | 20372 ||| INVOKING Heroism.
 20380 | D:13     | Killed Lodul
 20500 | D:13     | 20500 ||| UPGRADING to +0 tower shield.
 20510 | D:13     | 20510 ||| DROPPING +0 kite shield.
 20511 | D:13     | 20511 ||| READING scroll labelled OMPUAW GUXEECUSHO.
 20512 | D:13     | 20512 ||| DRINKING 3 sedimented blue potions.
 20513 | D:13     | 20513 ||| DROPPING 2 potions of flight.
 21212 | D:14     | 21212 ||| INVOKING Heroism.
 21216 | D:14     | 21216 ||| READING 6 scrolls of teleportation.
 21601 | D:15     | Entered Level 15 of the Dungeon
 21602 | D:15     | 21602 ||| INVOKING Heroism.
 21608 | D:15     | 21608 ||| STAIRDANCE
 21614 | D:14     | Received a gift from Okawaru
 21618 | D:15     | 21618 ||| STAIRDANCE
 21696 | D:15     | Reached XP level 16. HP: 101/101 MP: 23/23
 21714 | D:15     | 21714 ||| Stepping ~*~*~tactically~*~*~ (stealth).
 21716 | D:15     | 21716 ||| INVOKING Heroism.
 21723 | D:15     | Received a gift from Okawaru
 21762 | D:15     | Noticed Nessos
 21763 | D:15     | 21763 ||| INVOKING Finesse.
 21767 | D:15     | 21767 ||| Stepping ~*~*~tactically~*~*~ (hiding).
 21772 | D:15     | Killed Nessos
 21778 | D:15     | 21778 ||| INVOKING Heroism.
 21780 | D:15     | 21780 ||| SWAPPING to +3 war axe of flaming.
 21794 | D:15     | 21794 ||| SWAPPING to +9 war axe "Rutz" {spect, *Slow Will-
                  | rCorr Str+9}.
 21799 | D:15     | Received a gift from Okawaru
 21799 | D:15     | Found the +18 Lear's hauberk
 21820 | D:15     | 21820 ||| FLEEEEING.
 21821 | D:15     | 21821 ||| FLEEEEING.
 21822 | D:15     | 21822 ||| FLEEEEING.
 21823 | D:15     | 21823 ||| FLEEEEING.
 21824 | D:15     | 21824 ||| FLEEEEING.
 21825 | D:15     | 21825 ||| FLEEEEING.
 21826 | D:15     | 21826 ||| STAIRDANCE
 22074 | D:15     | 22074 ||| STAIRDANCE
 22131 | D:15     | 22131 ||| STAIRDANCE
 22205 | D:15     | 22205 ||| STAIRDANCE
 22268 | D:15     | Reached skill level 15 in Shields
 22373 | D:15     | 22373 ||| FLEEEEING.
 22376 | D:15     | 22376 ||| FLEEEEING.
 22416 | D:15     | Found a staircase to the Depths.
 22447 | D:15     | 22447 ||| INVOKING Heroism.
 22448 | D:15     | 22448 ||| INVOKING Finesse.
 22455 | D:15     | Found a gateway to a bazaar.
 22456 | D:15     | 22456 ||| PLANNING BAZAAR
 22456 | D:15     | 22456 ||| DRINKING 6 potions of curing.
 22456 | D:15     | 22456 ||| (to cure confusion)
 22689 | Bazaar   | Entered a bazaar
 22689 | Bazaar   | Found Buneocysk's Antique Weapon Shoppe.
 22689 | Bazaar   | Found Niabiaqam's Jewellery Emporium.
 22691 | Bazaar   | Found Fiuhuqe's Jewellery Shoppe.
 22700 | Bazaar   | 22700 ||| BUYING ring "Aliaf" {Ice Int+3} (344 gold).
 22700 | Bazaar   | Bought the ring "Aliaf" {Ice Int+3} for 344 gold pieces
 22700 | Bazaar   | 22700 ||| BUYING ring "Bopty" {Wiz rCorr} (383 gold).
 22700 | Bazaar   | Bought the ring "Bopty" {Wiz rCorr} for 383 gold pieces
 22700 | Bazaar   | 22700 ||| BUYING ring of fire (225 gold).
 22700 | Bazaar   | Bought a ring of fire for 225 gold pieces
 22706 | Bazaar   | Found Uhiybudd's Antique Armour Emporium.
 22710 | Bazaar   | 22710 ||| BUYING +4 ring of evasion (648 gold).
 22710 | Bazaar   | Bought a +4 ring of evasion for 648 gold pieces
 22710 | Bazaar   | 22710 ||| BUYING amulet of the Piercing Madman {Spirit rF-
                  | rN+++ Regen+ Dex-3} (804 gold).
 22710 | Bazaar   | Bought the amulet of the Piercing Madman {Spirit rF- rN+++
                  | Regen+ Dex-3} for 804 gold pieces
 22714 | Bazaar   | 22714 ||| BUYING glowing helmet (157 gold).
 22714 | Bazaar   | Bought a glowing helmet for 157 gold pieces
 22720 | Bazaar   | 22720 ||| DROPPING +1 helmet of intelligence.
 22721 | Bazaar   | 22721 ||| DROPPING +6 ring of dexterity.
 22722 | Bazaar   | 22722 ||| UPGRADING to +4 ring of evasion.
 22724 | Bazaar   | 22724 ||| UPGRADING to +6 ring of strength.
 22730 | D:15     | 22730 ||| PLANNING D
 22829 | D:15     | Found a portal to a secret trove of treasure.
 23038 | D:15     | 23038 ||| PLANNING ORC
 23165 | Orc:1    | Entered Level 1 of the Orcish Mines
 23188 | Orc:1    | 23188 ||| INVOKING Heroism.
 23269 | Orc:1    | Found a runed translucent gate.
 23287 | Orc:1    | Found a runed translucent gate.
 23289 | Orc:1    | Found a runed translucent gate.
 23290 | Orc:1    | Noticed Dinant's ghost (journeyman DsMo)
 23290 | Orc:1    | Identified the +0 plate armour of Bespelled Miracles
                  | {Stlth+}
 23294 | Orc:1    | 23294 ||| INVOKING Heroism.
 23342 | Orc:1    | 23342 ||| Stepping ~*~*~tactically~*~*~ (hiding).
 23345 | Orc:1    | 23345 ||| INVOKING Heroism.
 23348 | Orc:1    | 23348 ||| Stepping ~*~*~tactically~*~*~ (hiding).
 23352 | Orc:1    | 23352 ||| DRINKING 6 potions of curing.
 23352 | Orc:1    | 23352 ||| (to cure confusion)
 23354 | Orc:1    | 23354 ||| DRINKING 5 potions of curing.
 23354 | Orc:1    | 23354 ||| (to cure confusion)
 23505 | Orc:2    | Entered Level 2 of the Orcish Mines
 23532 | Orc:2    | 23532 ||| INVOKING Heroism.
 23534 | Orc:2    | 23534 ||| STAIRDANCE
 23547 | Orc:2    | 23547 ||| Stepping ~*~*~tactically~*~*~ (hiding).
 23548 | Orc:2    | 23548 ||| Stepping ~*~*~tactically~*~*~ (hiding).
 23549 | Orc:2    | 23549 ||| Stepping ~*~*~tactically~*~*~ (hiding).
 23550 | Orc:2    | 23550 ||| DRINKING 4 potions of curing.
 23550 | Orc:2    | 23550 ||| (to cure confusion)
 23551 | Orc:2    | 23551 ||| Stepping ~*~*~tactically~*~*~ (hiding).
 23553 | Orc:2    | 23553 ||| Stepping ~*~*~tactically~*~*~ (hiding).
 23592 | Orc:2    | 23592 ||| INVOKING Heroism.
 23614 | Orc:2    | Found Nuara's Antique Weapon Shop.
 23659 | Orc:2    | 23659 ||| BUYING runed broad axe (196 gold).
 23659 | Orc:2    | Bought a runed broad axe for 196 gold pieces
 23659 | Orc:2    | 23659 ||| DROPPING +3 war axe of flaming.
 23747 | Orc:2    | 23747 ||| Stepping ~*~*~tactically~*~*~ (stealth).
 23749 | Orc:2    | 23749 ||| Stepping ~*~*~tactically~*~*~ (stealth).
 23754 | Orc:2    | 23754 ||| Stepping ~*~*~tactically~*~*~ (hiding).
 23756 | Orc:2    | 23756 ||| Stepping ~*~*~tactically~*~*~ (hiding).
 23759 | Orc:2    | 23759 ||| INVOKING Heroism.
 23781 | Orc:2    | HP: 17/101 [orc high priest/divine providence (14)]
 23781 | Orc:2    | HP: 5/101 [orc priest/divine providence (12)]
 23782 | Orc:2    | 23782 ||| READING 5 scrolls of teleportation.
 23782 | Orc:2    | Killed from afar by an orc priest

Levels and vault maps discovered:
D:1:      eino_arrival_druids_welcome, layout_basic,
          ebering_ecumenical_altar_rust, minmay_octomino_c4
D:2:      layout_rooms, basic_altar
D:3:      layout_basic, nicolae_overflow_hidden_temple, lemuel_round_altar,
          nrook_loot_triangle
D:4:      layout_basic, riverfiend_overflow_shadow_ancestor, fiery_altar_vehumet
D:5:      layout_loops_cross, minmay_temple_entry_crystal_x,
          hellmonk_bongcloud_opening, nrook_mini_backslash,
          uniq_crazy_yiuf_cottage
D:6:      layout_basic, uniq_menkaure
D:7:      layout_basic, good_gods_mini_temple, supply_closet_lemuel,
          nrook_mini_vaults
D:8:      layout_cave_pools, nzn_overflow_gifts_of_might_and_magic
D:9:      minmay_goldmine, layout_cave_pools, nicolae_shop_sticking_my_neck_out
D:10:     layout_grid_maze, david_lair_generic,
          kennysheep_orc_monster_closet_entryway, serial_glass, glass_columns_b,
          glass_columns_b, uniq_erolcha
D:11:     layout_rooms
D:12:     lemuel_troll_bridge, layout_cave_pods, uniq_snorg, uniq_jorgrun,
          uniq_azrael
D:13:     layout_stronghold, grunt_vaults_entry_fortified, uniq_lodul
D:14:     layout_gridville, nrook_campfire, grunt_ministairs_15
D:15:     gammafunk_depths_entry_grave, layout_cave_pools, serial_shops,
          statue_bzr, roderic_lattice_a, enter_trove_6, uniq_nessos
Temple:   hellmonk_temple_rainy
Lair:1:   layout_regular_city
Lair:2:   layout_misc_corridors, gauntlet_entry_generic,
          ebering_ghost_rock_garden, infiniplex_staircase_pool,
          grunt_megastairs_4
Lair:3:   layout_gridlike, minmay_shoals_entry_centaurs, spider_nest_entry_webs,
          wad_woods_river_02, uniq_amaemon, uniq_gastronok
Lair:4:   layout_cave_pods, slime_entry_1, st_stairs_10,
          nicolae_lair_grazing_beasts [nicolae_sub_lair_graze_edge,
          nicolae_sub_lair_graze_edge, nicolae_sub_lair_graze_edge,
          nicolae_sub_lair_graze_edge]
Lair:5:   gammafunk_lair_ancient_temple, layout_cave_pods, serial_bayou_shore_b
Orc:1:    layout_caves, biasface_ghost_orc_armoury
Orc:2:    st_orc_mages, layout_caves, serial_shops, shop, basic_altar,
          mines_bat_river

Skill      XL: |  1  2  3  4  5  6  7  8  9 10 11 12 13 14 15 16 |
---------------+-------------------------------------------------+-----
Axes           | 2 3 4 5 6 7 8 9 10 11 12 13 15 16 | 16.0
Throwing       | 1 2 4 5 |  5.1
Dodging        | 1 2 3 4 |  4.1
Fighting       | 4 6 7 8 9 10 11 12 | 12.0
Invocations    | 2 4 5 9 10 | 10.0
Armour         | 6 7 8 10 11 | 11.4
Shields        | 4 5 6 10 11 12 14 15 | 15.7

Action                   |  1- 3 |  4- 6 |  7- 9 | 10-12 | 13-15 | 16-18 || total
-------------------------+-------+-------+-------+-------+-------+-------++-------
Melee: War axe           |   121 |    47 |   116 |   216 |   571 |   141 ||  1212
Throw: Javelin           |     7 |    21 |    38 |    42 |    43 |    14 ||   165
       Boomerang         |       |    11 |    20 |    50 |   110 |       ||   191
Invok: Heroism           |       |       |     8 |    28 |    29 |     9 ||    74
       Finesse           |       |       |       |     1 |    11 |     2 ||    14
  Use: Scroll            |     8 |     3 |    10 |     6 |     6 |     1 ||    34
       Potion            |       |     1 |     2 |     2 |     2 |     4 ||    11
 Stab: Distracted        |       |       |       |     4 |     5 |     4 ||    13
Armor: Scale mail        |    75 |    14 |       |       |       |       ||    89
       Chain mail        |       |       |    38 |       |       |       ||    38
       Plate armour      |       |       |    19 |   109 |   164 |    24 ||   316
Dodge: Dodged            |    66 |    16 |    28 |    81 |    99 |    32 ||   322
Block: Buckler           |    27 |     2 |    16 |    42 |       |       ||    87
       Kite shield       |       |       |       |    48 |   164 |       ||   212
       Tower shield      |       |       |       |       |    33 |   105 ||   138

Table legend:
 A = Non-vault XP
 B = Vault XP
 C = Vault XP percentage of total XP
 D = Non-vault monster count
 E = Vault monster count
 F = Vault count percentage of total count
                 A         B        C        D         E       F
            +---------+---------+-------+---------+---------+-------
      Total |   98715 |   46972 |  32.2 |     460 |     155 |  25.2
            +---------+---------+-------+---------+---------+-------
        D:1 |      36 |      10 |  21.7 |      23 |       6 |  20.7
        D:2 |      29 |       0 |   0.0 |       9 |       0 |   0.0
        D:3 |      30 |       0 |   0.0 |      15 |       0 |   0.0
        D:4 |     582 |       0 |   0.0 |      37 |       0 |   0.0
        D:5 |     663 |       0 |   0.0 |      15 |       0 |   0.0
        D:6 |     723 |     172 |  19.2 |      14 |       1 |   6.7
        D:7 |    1161 |       0 |   0.0 |      20 |       0 |   0.0
        D:8 |    1219 |     536 |  30.5 |      23 |       2 |   8.0
        D:9 |    2731 |     363 |  11.7 |      20 |      11 |  35.5
       D:10 |    3770 |    2763 |  42.3 |      20 |      24 |  54.5
       D:11 |    2463 |       0 |   0.0 |      19 |       0 |   0.0
       D:12 |    4034 |    9101 |  69.3 |      13 |      17 |  56.7
       D:13 |    6508 |    8694 |  57.2 |      13 |      19 |  59.4
       D:14 |    9657 |     879 |   8.3 |      21 |       2 |   8.7
       D:15 |    5232 |    6437 |  55.2 |      14 |      10 |  41.7
     Lair:1 |    4083 |       0 |   0.0 |      15 |       0 |   0.0
     Lair:2 |    4292 |    1327 |  23.6 |      20 |       7 |  25.9
     Lair:3 |   11537 |    3657 |  24.1 |      28 |       8 |  22.2
     Lair:4 |    5043 |    3026 |  37.5 |      17 |       7 |  29.2
     Lair:5 |   18484 |    8290 |  31.0 |      35 |      21 |  37.5
      Orc:1 |    4195 |       0 |   0.0 |      34 |       0 |   0.0
      Orc:2 |     424 |    1717 |  80.2 |      10 |      20 |  66.7
    Abyss:2 |   11819 |       0 |   0.0 |      25 |       0 |   0.0
            +---------+---------+-------+---------+---------+-------
